 Dungeon Crawl Stone Soup version 0.31.0-12-g77e489cdc1 (webtiles) character file.

Game seed: 4755362432591633236

2923 Gadfly the Trooper (level 9, 0/94 HPs)
             Began as an Oni Berserker on Mar 2, 2024.
             Was an Elder of Trog.
             Slain by a yak (9 damage)
             ... on level 7 of the Dungeon.
             The game lasted 00:08:21 (8894 turns).

Gadfly the Trooper (Oni Berserker)                  Turns: 8894, Time: 00:08:21

Health: 0/94       AC:  4    Str: 25    XL:     9   Next: 79%
Magic:  0/9        EV: 10    Int:  8    God:    Trog [****..]
Gold:   149        SH:  0    Dex: 10    Spells: 8/8 levels left

rFire   . . .        a - +0 morningstar (venom)
rCold   . . .        (no shield)
rNeg    . . .        h - +0 robe
rPois   +            (helmet restricted)
rElec   .            d - +0 cloak
rCorr   .            (gloves unavailable)
SInv    .            (boots unavailable)
Will    .....        m - amulet of guardian spirit
Stlth   +            n - ring of poison resistance
HPRegen 0.35/turn    (no ring)
MPRegen 0.11/turn

%: guardian spirit
@: no status effects
A: large, unfitting armour, horns 1, tough skin 1, double potion healing,
drunken brawling
a: Renounce Religion, Berserk, Trog's Hand, Brothers in Arms


You were on level 7 of the Dungeon.
You worshipped Trog.
Trog was greatly pleased with you.
You visited 2 branches of the dungeon, and saw 8 of its levels.

You collected 410 gold pieces.
You spent 261 gold pieces at shops.

Inventory:

Hand Weapons
 a - a +0 morningstar of venom (weapon)
 b - a +1 flail of protection
 e - a +2 whip of freezing
 q - a +2 hand axe of electrocution
Armour
 d - a +0 cloak (worn)
 h - a +0 robe (worn)
Jewellery
 m - an amulet of guardian spirit (around neck)
 n - a ring of poison resistance (left hand)
 p - a ring of fire
Wands
 k - a wand of polymorph (10)
 o - a wand of roots (6)
 t - a wand of paralysis (3)
 w - a wand of mindburst (37) (quivered)
Scrolls
 i - a scroll of poison
 j - a scroll of enchant weapon
 l - a scroll of teleportation
 r - a scroll of revelation
 x - a scroll of immolation
Potions
 c - 4 potions of curing
 f - a potion of lignification
 g - 3 potions of attraction
 s - a potion of might
 u - 2 potions of enlightenment
 v - a potion of ambrosia
 z - a potion of resistance {unknown}


   Skills:
 + Level 7.7 Fighting
 * Level 7.7 Maces & Flails
 * Level 6.2 Armour
 - Level 2.6 Dodging
 * Level 5.7 Evocations


You had 8 spell levels left.
You didn't know any spells.
Your spell library was empty.

Dungeon Overview and Level Annotations

Branches:
Dungeon (7/15)             Temple (1/1) D:4

Altars:
Ashenzari
Cheibriados
Dithmenos
Elyvilon
Fedhas
Gozag
Kikubaaqudgha
Makhleb
Nemelex Xobeh
Okawaru
Qazlal
Ru
Sif Muna
Uskayaw
Vehumet
Wu Jian
Xom
Yredelemnul
Zin
The Shining One

Shops:
D:2 ?   D:6 [??=


Innate Abilities, Weirdness & Mutations

You are too large for most types of armour.
You have a pair of small horns on your head.
You have tough skin. (AC +1)
You gain doubled healing and magic from potions.
Whenever you drink a healing potion, you attack all around you.


Message History

The yak gores you!
You hit the yak.
The yak is poisoned.
Your headbutt misses the yak.
The yak is lightly wounded.
The yak gores you! The yak gores you.
You sock the yak!
The yak looks as sick as possible!
Your headbutt misses the yak.
The yak is moderately wounded.
The yak misses you.
You closely miss the yak.
The yak is moderately wounded.
The yak gores you. The yak closely misses you.
The yak gores you but does no damage.
You barely miss the yak. You headbutt the yak, but do no damage.
The yak is heavily wounded.
The yak gores you. The yak barely misses you.
The yak gores you but does no damage.
You hit the yak. Your headbutt misses the yak. You punch the yak.
The yak is severely wounded.
The yak gores you! x3
* * * LOW HITPOINT WARNING * * *
You are too injured to fight recklessly!
You are too injured to fight recklessly!
You are too injured to fight recklessly!
You are too injured to fight recklessly!
You are too injured to fight recklessly!
You are too injured to fight recklessly!
You are too injured to fight recklessly!
You are too injured to fight recklessly!
You are too injured to fight recklessly!
You are too injured to fight recklessly!
You are too injured to fight recklessly!
You are too injured to fight recklessly!
Unknown command.
The yak attacks as it pursues you! The yak gores you!
* * * LOW HITPOINT WARNING * * *
The yak gores you!
* * * LOW HITPOINT WARNING * * *
There is a stone staircase leading up here.
The yak attacks as it pursues you! The yak gores you!
You die...

###.....##.##..#
##..######.##.#### ...##
#.##.##.# ##### ####
#.##.#..##...>
..########....#.##†.# ##
#.......##.###.....#############.
#######.##......Y................
#######........##YY..........####
................@.############
#######..>.[.######
######......### ........##....#
............#.## #########
...)#....#.##..## #.......#
....#..###.###..### #.......#
).)))..# #.# ##...## #.......#
......####.######..#####.......#


You could see 2 yaks.

Vanquished Creatures
  Grinder (D:4)
  A yak (D:7)
  The ghost of Ekaitz the Conjurer, an amateur DrCj (D:4)
  Edmund (D:5)
  The ghost of EonDragon20 the Cudgeller, an amateur GrRe (D:4)
  3 sky beasts
  3 black bears
  3 ogres
  2 phantoms
  A kobold brigand (D:7)
  A bullfrog (D:7)
  5 scorpions
  A howler monkey (D:4)
  A bombardier beetle (D:3)
  3 orc priests
  2 gnoll boudas (D:5)
  4 hounds
  Crazy Yiuf (D:2)
  Ijyb (D:4)
  An iguana (D:7)
  4 orc wizards
  Robin (D:2)
  5 adders
  8 gnolls (D:5)
  2 shadow imps (D:6)
  2 white imps (D:6)
  2 dart slugs
  26 orcs
  8 ball pythons
  7 bats
  7 endoplasms
  12 giant cockroaches
  13 goblins
  10 hobgoblins
  15 jackals
  5 quokkas
  4 frilled lizards
  10 kobolds
  5 rats
183 creatures vanquished.

Notes
Turn   | Place    | Note
-------+----------+-------------------------------------------
     0 | D:1      | Gadfly the Oni Berserker began the quest for the Orb.
     0 | D:1      | Reached XP level 1. HP: 24/24 MP: 1/1
   119 | D:1      | Reached XP level 2. HP: 32/32 MP: 2/2
   606 | D:1      | Reached skill level 1 in Evocations
   626 | D:1      | Reached skill level 1 in Armour
   626 | D:1      | Reached XP level 3. HP: 37/39 MP: 3/3
  1032 | D:2      | Found Olamp's Magic Scroll Shoppe.
  1038 | D:2      | Reached XP level 4. HP: 32/49 MP: 4/4
  1253 | D:2      | Reached ** piety under Trog
  1584 | D:2      | Found a shimmering altar of Xom.
  1683 | D:2      | Found a runed translucent door.
  1684 | D:2      | Noticed Crazy Yiuf
  1837 | D:2      | Noticed Robin
  1851 | D:2      | Reached XP level 5. HP: 37/55 MP: 5/5
  1861 | D:2      | Killed Robin
  2239 | D:2      | Killed Crazy Yiuf
  2579 | D:2      | Bought a scroll of identify for 26 gold pieces
  2579 | D:2      | Bought a scroll of brand weapon for 123 gold pieces
  2720 | D:3      | Found a sacrificial altar of Ru.
  3160 | D:3      | Reached XP level 6. HP: 56/65 MP: 6/6
  3200 | D:3      | Found a broken altar of Ashenzari.
  3280 | D:3      | Reached *** piety under Trog
  3281 | D:3      | Reached skill level 5 in Fighting
  3428 | D:3      | Found a shadowy altar of Dithmenos.
  4218 | D:4      | Found a staircase to the Ecumenical Temple.
  4231 | D:4      | HP: 3/66 [ogre/+0 giant club (20)]
  4297 | Temple   | Entered the Ecumenical Temple
  4454 | D:4      | Reached XP level 7. HP: 69/72 MP: 7/7
  4533 | D:4      | Noticed Ijyb
  4540 | D:4      | Noticed Grinder
  4544 | D:4      | Killed Ijyb
  4555 | D:4      | Reached skill level 5 in Maces & Flails
  4559 | D:4      | Paralysed by Grinder for 5 turns
  4565 | D:4      | Killed Grinder
  4785 | D:4      | Noticed a +0 hand axe
  4786 | D:4      | Found a hide-covered altar of Uskayaw.
  4786 | D:4      | Noticed a +0 dagger
  4802 | D:4      | Found a runed translucent gate.
  4802 | D:4      | Found a runed translucent gate.
  4802 | D:4      | Found a runed translucent gate.
  4804 | D:4      | Noticed EonDragon20's ghost (amateur GrRe)
  4804 | D:4      | Noticed Ekaitz's ghost (amateur DrCj)
  5074 | D:4      | Found a glowing golden altar of the Shining One.
  5210 | D:4      | Killed EonDragon20's ghost
  5211 | D:4      | Reached XP level 8. HP: 83/83 MP: 8/8
  5216 | D:4      | Killed Ekaitz's ghost
  5459 | D:5      | Entered Level 5 of the Dungeon
  5755 | D:5      | Found a glowing silver altar of Zin.
  5863 | D:5      | HP: 4/84 [gnoll/+0 spear[a gnoll bouda] (6)]
  6135 | D:5      | Found a stormy altar of Qazlal.
  6136 | D:5      | Found an ancient bone altar of Kikubaaqudgha.
  6219 | D:5      | Reached **** piety under Trog
  6235 | D:5      | Noticed Edmund
  6243 | D:5      | Killed Edmund
  6428 | D:5      | Reached skill level 5 in Armour
  6709 | D:5      | Found a runed translucent door.
  6711 | D:5      | Found a runed translucent door.
  7042 | D:5      | Reached XP level 9. HP: 82/92 MP: 9/9
  7160 | D:6      | Found Bullosigh's Magic Scroll Boutique.
  7202 | D:6      | Bought a scroll of revelation for 112 gold pieces
  7306 | D:6      | Found a basalt altar of Yredelemnul.
  7545 | D:6      | Reached skill level 5 in Evocations
  7679 | D:6      | Found Mittic's Armour Shop.
  7679 | D:6      | Noticed an animated pearl dragon scales
  7679 | D:6      | Noticed an animated crystal plate armour
  7847 | D:6      | Found Ynga's Magic Scroll Shoppe.
  7876 | D:6      | Found Pinu's Jewellery Shoppe.
  8622 | D:7      | Found a white marble altar of Elyvilon.
  8894 | D:7      | Slain by a yak

Illustrated notes

Levels and vault maps discovered:
D:1:      minmay_arrival_split_and_join, layout_basic
D:2:      layout_basic, serial_shops, nicolae_shop_tiny_statue_garden,
          basic_altar, st_stairs_8, minmay_hexomino_u4, uniq_crazy_yiuf_cottage,
          uniq_robin
D:3:      layout_basic, nicolae_ashenzari_panopticon,
          nicolae_dithmenos_shadow_blocks, nicolae_ru_the_path_less_chosen,
          minmay_surrounded
D:4:      layout_basic, dancing_weapons_uskayaw, mainiacjoe_overflow_alcove_2,
          minmay_temple_entry_purple_smoke, gammafunk_ghost_cemetery, uniq_ijyb,
          uniq_grinder, uniq_menkaure
D:5:      lemuel_insect_pit, layout_basic, mainiacjoe_overflow_six_doors_small,
          chequers_temple_overflow_statue_of_worship, uniq_edmund
D:6:      layout_layer_cave, old_standard_altar, serial_shops,
          nicolae_shop_rolled_up, nicolae_shop_statue_plus,
          nicolae_shop_mannequins, nicolae_shop_pleasant_corner_grove,
          minmay_hedge_maze
D:7:      layout_rooms, elyvilon_altar_3
Temple:   hellmonk_temple_rainy

Skill      XL: |  1  2  3  4  5  6  7  8  9 |
---------------+----------------------------+-----
Evocations     | 1 2 3 4 5 |  5.7
Armour         | 1 2 3 4 5 6 |  6.2
Maces & Flails | 4 5 6 7 |  7.7
Fighting       | 5 6 7 |  7.7
Dodging        | |  2.6

Action                     |  1- 3 |  4- 6 |  7- 9 || total
---------------------------+-------+-------+-------++-------
  Melee: Mace              |    72 |    18 |       ||    90
         Headbutt          |     7 |    28 |    34 ||    69
         Hand axe          |       |   153 |    79 ||   232
         Punch             |       |       |     3 ||     3
         Morningstar       |       |       |   175 ||   175
 Invoke: Berserk           |       |       |     1 ||     1
  Evoke: Wand              |       |       |     2 ||     2
    Use: Scroll            |     4 |     1 |     5 ||    10
         Potion            |     1 |     2 |     2 ||     5
   Stab: Sleeping          |     1 |     1 |       ||     2
         Distracted        |       |     1 |       ||     1
 Armour: Animal skin       |    52 |    42 |       ||    94
         Robe              |       |    89 |   241 ||   330
  Dodge: Dodged            |    26 |   103 |   146 ||   275
